 Dungeon Crawl Stone Soup version 0.14.0-18-g0341e45 (webtiles) character file.

87 MDvedh the Chopper (level 3, 0/27 HPs)
             Began as a Minotaur Fighter on Apr 20, 2014.
             Slain by an adder (3 damage)
             ... on Level 2 of the Dungeon.
             The game lasted 00:00:56 (623 turns).

MDvedh the Chopper (Minotaur Fighter)                Turns: 623, Time: 00:00:56

HP   0/27        AC  3     Str 21      XL: 3   Next: 14%
MP   1/1         EV  6     Int  5      God:
Gold 53          SH 18     Dex  9      Spells:  0 memorised,  2 levels left

rFire  . . .     SeeInvis +     a - +0 war axe
rCold  . . .     Clarity  .     b - +0 scale mail
rNeg   . . .     Conserve .     c - +0 shield
rPois  .         rCorr    .     (helmet restricted)
rElec  .         rRot     .     (no cloak)
SustAb . .       Spirit   .     (no gloves)
rMut   .         Warding  .     (no boots)
Saprov . . .     Stasis   .     (no amulet)
MR     .....                    (no ring)
                                m - cursed ring of hunger {unknown}

@: lethally poisoned, not resistant to hostile enchantments, extremely
unstealthy
A: retaliatory headbutt, horns 2, see invisible, deformed body, herbivore 1,
frail 1, low mp 1
a: no special abilities


You were on level 2 of the Dungeon.
You were not hungry.

You visited 1 branch of the dungeon, and saw 2 of its levels.

You collected 53 gold pieces.

Inventory:

Hand weapons
 a - a +0,+0 war axe (weapon)
Armour
 b - a +0 scale mail (worn)
 c - a +0 shield (worn)
Comestibles
 d - 2 bread rations
 n - 2 meat rations
Scrolls
 f - a scroll of fog {unknown}
 g - a scroll of teleportation {unknown}
 k - a scroll of immolation {unknown}
Jewellery
 m - a cursed ring of hunger (left hand) {unknown}
Potions
 e - a potion of might
 i - a potion of heal wounds
 l - a potion of invisibility {unknown}


   Skills:
 - Level 3.6 Fighting
 + Level 4.4 Axes
 - Level 3.6 Armour
 - Level 3.6 Shields


You had 2 spell levels left.
You didn't know any spells.

Dungeon Overview and Level Annotations

Branches:
Dungeon (2/15)

Altars:


Innate Abilities, Weirdness & Mutations

You reflexively headbutt those who attack you in melee.
You have a pair of horns on your head.
You have supernaturally acute eyesight.
Armour fits poorly on your strangely shaped body.
You digest meat inefficiently.
You are frail (-10% HP).
Your magical capacity is low (-10% MP).


Message History

You closely miss the adder. Your headbutt misses the adder.
The adder is lightly wounded.
The adder closely misses you. You block the adder's attack.
You barely miss the adder.
The adder is lightly wounded.
* * * LOW HITPOINT WARNING * * *
You feel sick. You block the adder's attack. The adder barely misses you.
You miss the adder.
The adder is lightly wounded.
* * * LOW HITPOINT WARNING * * *
You feel sick. The adder bites you but does no damage.
You barely miss the adder. Your headbutt misses the adder.
The adder is lightly wounded.
* * * LOW HITPOINT WARNING * * *
You feel sick. You block the adder's attack. You block the adder's attack.
You miss the adder. You headbutt the adder!
The adder is severely wounded.
* * * LOW HITPOINT WARNING * * *
You feel sick. The adder bites you.
You die...

#.# # #.# .#
#.####.##
#####..[....##
#............#
#.#####.##...#
#.# ..###
#.##.......
#.@.....#
#..S..[....
#.......##
........#
##...>...#
#.......#
#.......
#######


You could see an adder.

Vanquished Creatures
  A gnoll (D:1)
  A giant gecko (D:1)
  An ooze (D:1)
  A giant cockroach (D:1)
  3 hobgoblins (D:1)
  3 kobolds (D:1)
  A quokka (D:2)
  4 bats (D:1)
  3 goblins (D:1)
  2 rats (D:1)
20 creatures vanquished.

Notes
Turn   | Place    | Note
--------------------------------------------------------------
     0 | D:1      | MDvedh, the Minotaur Fighter, began the quest for the Orb.
     0 | D:1      | Reached XP level 1. HP: 19/19 MP: 1/1
   129 | D:1      | Reached XP level 2. HP: 26/26 MP: 1/1
   430 | D:1      | Reached skill level 4 in Axes
   434 | D:1      | Reached XP level 3. HP: 22/31 MP: 2/2
   588 | D:2      | Gained mutation: Armour fits poorly on your strangely shaped body. [potion of mutation]
   588 | D:2      | Gained mutation: You are frail (-10% HP). [potion of mutation]
   588 | D:2      | Gained mutation: You digest meat inefficiently. [potion of mutation]
   589 | D:2      | Gained mutation: Your magical capacity is low (-10% MP). [potion of mutation]
   589 | D:2      | Gained mutation: You have supernaturally acute eyesight. [potion of mutation]
   623 | D:2      | Slain by an adder

Action                   || total
-------------------------++-------
Melee: War axe           ||    62
  Use: Scroll            ||     2
       Potion            ||     2
